 Dungeon Crawl Stone Soup version 0.27.1 (webtiles) character file.

Game seed: 2572312382263489909

898 Rickety the Shield-Bearer (level 8, 0/67 HPs)
             Began as a Gnoll Fighter on Sept 3, 2021.
             Succumbed to a water moccasin's poison
             ... on level 5 of the Dungeon.
             The game lasted 00:08:15 (4225 turns).

Rickety the Shield-Bearer (Gnoll Fighter)           Turns: 4225, Time: 00:08:15

Health: 0/67       AC: 11    Str: 17    XL:     8   Next: 7%
Magic:  12/12      EV:  9    Int:  8    God:
Gold:   166        SH: 10    Dex: 12    Spells: 12/12 levels left

rFire    . . .     SeeInvis .   s - +2 falchion (protect)
rCold    . . .     Faith    .   c - +0 kite shield
rNeg     . . .     Spirit   .   b - +0 scale mail
rPois    .         Reflect  .   (no helmet)
rElec    .         Harm     .   v - +0 cloak
rCorr    .         Rampage  .   n - +0 pair of gloves
Will     .....                  q - +0 pair of boots
Stlth    +.........             (no amulet)
HPRegen  0.21/turn              (no ring)
MPRegen  0.13/turn              (no ring)

@: brilliant, lethally poisoned (0 -> -1), on berserk cooldown, slowed, very
slow
A: fangs 1, strong nose, distributed training
a: no special abilities


You were on level 5 of the Dungeon.
You visited 1 branch of the dungeon, and saw 5 of its levels.

You collected 166 gold pieces.

Inventory:

Hand Weapons
 a - a +0 flail
 s - a +2 falchion of protection (weapon)
 t - a +1 hand axe of freezing
Missiles
 j - 35 poisoned darts (quivered)
Armour
 b - a +0 scale mail (worn)
 c - a +0 kite shield (worn)
 n - a +0 pair of gloves (worn)
 q - a +0 pair of boots (worn)
 v - a +0 cloak (worn)
Jewellery
 f - a ring of wizardry
Wands
 r - a wand of iceblast (4)
Scrolls
 e - 4 scrolls of identify {unknown}
 g - a scroll of amnesia {unknown}
 i - a scroll of brand weapon {unknown}
 l - a scroll of fear {unknown}
 m - 2 scrolls of enchant armour {unknown}
 w - a scroll of holy word {unknown}
Potions
 d - 2 potions of might
 k - a potion of brilliance
 o - a potion of heal wounds {unknown}
 p - a potion of curing {unknown}
 u - a potion of flight {unknown}


   Skills:
 + Level 7.2 Fighting
 + Level 2.9 Short Blades
 + Level 2.9 Long Blades
 + Level 2.9 Axes
 + Level 5.4 Maces & Flails
 + Level 2.9 Polearms
 + Level 2.9 Staves
 + Level 2.9 Slings
 + Level 2.9 Bows
 + Level 2.9 Crossbows
 + Level 2.9 Throwing
 + Level 7.2 Armour
 + Level 2.9 Dodging
 + Level 2.9 Stealth
 + Level 7.2 Shields
 + Level 2.9 Unarmed Combat
 + Level 2.9 Spellcasting
 + Level 2.3 Conjurations
 + Level 2.3 Hexes
 + Level 2.3 Summonings
 + Level 2.3 Necromancy
 + Level 2.3 Translocations
 + Level 2.3 Transmutations
 + Level 2.3 Fire Magic
 + Level 2.3 Ice Magic
 + Level 2.3 Air Magic
 + Level 2.3 Earth Magic
 + Level 2.3 Poison Magic
 + Level 3.2 Invocations
 + Level 2.9 Evocations


You had 12 spell levels left.
You didn't know any spells.
Your spell library contained the following spells:

 Spells                   Type           Power      Damage    Failure   Level
 Foxfire                  Conj/Fire      28%        2x1d5     69%         1
 Conjure Flame            Conj/Fire      7%         6-21      96%         3
 Inner Flame              Hex/Fire       7%         N/A       96%         3


Dungeon Overview and Level Annotations

Branches:
Dungeon (4/15)
 Temple: D:4-7

Altars:
Elyvilon
Okawaru


Innate Abilities, Weirdness & Mutations

You have very sharp teeth.
Your uncanny sense of smell can sniff out nearby items.
Your experience applies equally to all skills.


Message History

You block the water moccasin's attack.
You slash the water moccasin!
The water moccasin is almost dead.
* * * LOW HITPOINT WARNING * * *
You feel very sick. You block the water moccasin's attack.
The water moccasin bites you but does no damage.
It was a potion of berserk rage.
A red film seems to cover your vision as you go berserk!
You feel yourself moving faster!
You feel mighty!
* * * LOW HITPOINT WARNING * * *
You feel very sick.
You block the water moccasin's attack. x2
You barely miss the water moccasin.
The water moccasin is almost dead.
* * * LOW HITPOINT WARNING * * *
You feel sick. You block the water moccasin's attack.
You hit the water moccasin.
You kill the water moccasin!
* * * LOW HITPOINT WARNING * * *
You feel sick.
You have reached level 8!
You feel agile.
Found 12 gold pieces.
* * * LOW HITPOINT WARNING * * *
You feel sick.
You feel a strong urge to attack something.
* * * LOW HITPOINT WARNING * * *
You feel sick.
k - 2 bubbling coppery potions (gained 1)
* * * LOW HITPOINT WARNING * * *
You feel sick.
You feel your anger nearly subside.
You are no longer berserk.
You are exhausted.
You feel yourself slow down.
* * * LOW HITPOINT WARNING * * *
You feel sick.
It was a potion of brilliance.
You feel clever all of a sudden.
You die...

#........#
#........#
#>.......#
#........#
.......###
##.......##
##.........##
##...........#
#...@........#
....?#.?........#
.###.....††.....#
#............#
...#.........##
#..##).........#
..$.............#
................#
#............#


There were no monsters in sight!

Vanquished Creatures
  Grinder (D:3)
  Sigmund (D:3)
  A water moccasin (D:5)
  A scorpion (D:5)
  A water moccasin skeleton (D:4)
  An orc priest (D:3)
  Crazy Yiuf (D:3)
  Terence (D:3)
  Natasha (thrice) (D:3)
  A hound skeleton (D:4)
  An adder (D:2)
  4 gnolls
  A worm (D:2)
  2 dart slugs
  4 orcs (D:3)
  11 ball pythons
  7 bats
  9 endoplasms
  3 giant cockroaches
  9 goblins
  4 hobgoblins
  2 jackals (D:2)
  2 quokkas (D:4)
  3 frilled lizards
  5 kobolds
  A quokka skeleton (D:4)
  5 rats
85 creatures vanquished.

Notes
Turn   | Place    | Note
-------+----------+-------------------------------------------
     0 | D:1      | Rickety the Gnoll Fighter began the quest for the Orb.
     0 | D:1      | Reached XP level 1. HP: 23/23 MP: 1/1
   280 | D:1      | Reached XP level 2. HP: 29/29 MP: 2/2
   862 | D:2      | Reached XP level 3. HP: 35/35 MP: 3/3
  1019 | D:2      | Reached skill level 1 in Invocations
  1120 | D:1      | Reached skill level 1 in Short Blades
  1120 | D:1      | Reached skill level 1 in Long Blades
  1120 | D:1      | Reached skill level 1 in Axes
  1120 | D:1      | Reached skill level 1 in Polearms
  1120 | D:1      | Reached skill level 1 in Staves
  1120 | D:1      | Reached skill level 1 in Slings
  1120 | D:1      | Reached skill level 1 in Bows
  1120 | D:1      | Reached skill level 1 in Crossbows
  1120 | D:1      | Reached skill level 1 in Throwing
  1120 | D:1      | Reached skill level 1 in Dodging
  1120 | D:1      | Reached skill level 1 in Stealth
  1120 | D:1      | Reached skill level 1 in Unarmed Combat
  1120 | D:1      | Reached skill level 1 in Spellcasting
  1120 | D:1      | Reached skill level 1 in Evocations
  1120 | D:1      | Reached XP level 4. HP: 19/41 MP: 5/5
  1565 | D:2      | Reached skill level 1 in Conjurations
  1565 | D:2      | Reached skill level 1 in Hexes
  1565 | D:2      | Reached skill level 1 in Summonings
  1565 | D:2      | Reached skill level 1 in Necromancy
  1565 | D:2      | Reached skill level 1 in Translocations
  1565 | D:2      | Reached skill level 1 in Transmutations
  1565 | D:2      | Reached skill level 1 in Fire Magic
  1565 | D:2      | Reached skill level 1 in Ice Magic
  1565 | D:2      | Reached skill level 1 in Air Magic
  1565 | D:2      | Reached skill level 1 in Earth Magic
  1565 | D:2      | Reached skill level 1 in Poison Magic
  1700 | D:2      | Found a faded altar of an unknown god.
  1996 | D:3      | Noticed Terence
  2006 | D:3      | Killed Terence
  2007 | D:3      | Reached XP level 5. HP: 40/47 MP: 5/7
  2246 | D:3      | Noticed Sigmund
  2258 | D:3      | Noticed Grinder
  2398 | D:3      | Killed Sigmund
  2399 | D:3      | Reached skill level 5 in Maces & Flails
  2399 | D:3      | Reached XP level 6. HP: 44/53 MP: 8/8
  2492 | D:3      | Killed Grinder
  2493 | D:3      | Reached XP level 7. HP: 15/60 MP: 8/10
  2742 | D:3      | Noticed Natasha
  2749 | D:3      | Killed Natasha
  2853 | D:3      | Found an iron altar of Okawaru.
  3065 | D:3      | Found a runed translucent door.
  3066 | D:3      | Noticed Crazy Yiuf
  3086 | D:3      | Noticed Natasha
  3095 | D:3      | Killed Natasha
  3245 | D:3      | Found a white marble altar of Elyvilon.
  3446 | D:3      | Noticed Natasha
  3454 | D:3      | Killed Natasha
  3509 | D:3      | Killed Crazy Yiuf
  4192 | D:4      | You fall into a shaft and drop 1 floor!
  4192 | D:5      | Entered Level 5 of the Dungeon
  4220 | D:5      | Reached XP level 8. HP: 5/67 MP: 12/12
  4220 | D:5      | HP: 4/100 [poisoned by a water moccasin]
  4224 | D:5      | HP: 1/67 [poisoned by a water moccasin]
  4225 | D:5      | Succumbed to a water moccasin's poison

Illustrated notes

Levels and vault maps discovered:
D:1:      lemuel_arrival_behind_the_door_small, layout_rooms
D:2:      layout_basic, chequers_ecumenical_altar_island
D:3:      layout_basic, elyvilon_altar_3, okawaru_ov_weapons_minmay,
          minivault_14, uniq_natasha, uniq_terence, uniq_crazy_yiuf_cottage,
          uniq_grinder, uniq_sigmund
D:4:      kennysheep_six_static_rooms, layout_basic, serial_shops,
          shop_fountains
D:5:      layout_rooms, makhleb_heckhound_becter, serial_shops,
          nicolae_shop_statue_plus

Skill      XL: |  1  2  3  4  5  6  7 |
---------------+----------------------+-----
Invocations    | 1 2 3 |  3.2
Short Blades   | 1 2 |  2.9
Long Blades    | 1 2 |  2.9
Axes           | 1 2 |  2.9
Polearms       | 1 2 |  2.9
Staves         | 1 2 |  2.9
Slings         | 1 2 |  2.9
Bows           | 1 2 |  2.9
Crossbows      | 1 2 |  2.9
Throwing       | 1 2 |  2.9
Dodging        | 1 2 |  2.9
Stealth        | 1 2 |  2.9
Unarmed Combat | 1 2 |  2.9
Spellcasting   | 1 2 |  2.9
Evocations     | 1 2 |  2.9
Conjurations   | 1 2 |  2.3
Hexes          | 1 2 |  2.3
Summonings     | 1 2 |  2.3
Necromancy     | 1 2 |  2.3
Translocations | 1 2 |  2.3
Transmutations | 1 2 |  2.3
Fire Magic     | 1 2 |  2.3
Ice Magic      | 1 2 |  2.3
Air Magic      | 1 2 |  2.3
Earth Magic    | 1 2 |  2.3
Poison Magic   | 1 2 |  2.3
Maces & Flails | 5 |  5.4
Fighting       | 7 |  7.2
Armour         | 7 |  7.2
Shields        | 7 |  7.2

Action                   |  1- 3 |  4- 6 |  7- 9 || total
-------------------------+-------+-------+-------++-------
Melee: Flail             |    77 |    95 |    23 ||   195
       Bite              |     4 |     4 |    11 ||    19
       Falchion          |       |       |   113 ||   113
Throw: Dart              |     2 |     9 |     5 ||    16
  Use: Potion            |       |       |     2 ||     2
 Stab: Invisible         |       |       |     1 ||     1
Armor: Scale mail        |    35 |    51 |    61 ||   147
Dodge: Dodged            |    27 |    50 |    50 ||   127
Block: Kite shield       |    64 |    60 |    96 ||   220
       Rpst.: Falchion   |       |       |    12 ||    12
